 Dungeon Crawl Stone Soup version 0.28-a0-662-g1651b1f1e0 (webtiles) character file.

Game seed: 6733384813956930489

321401 jasper the Warrior (level 20, -5/176 HPs)
             Began as a Demonspawn Cinder Acolyte on Oct 14, 2021.
             Was the Champion of Makhleb.
             Slain by a saltling (11 damage)
             ... in the Desolation of Salt on Oct 15, 2021.
             The game lasted 01:42:20 (52921 turns).

jasper the Warrior (Demonspawn Cinder Acolyte)     Turns: 52921, Time: 01:42:20

Health: -5/176     AC: 28    Str: 29    XL:     20   Next: 64%
Magic:  0/32       EV: 10    Int: 21    God:    Makhleb [******]
Gold:   4519       SH: 18    Dex: 15    Spells: 11/21 levels left

rFire   + + .      SeeInvis +   j - +7 double sword (vamp)
rCold   + . .      Faith    .   I - +0 kite shield
rNeg    . . .      Spirit   +   s - +5 ice dragon scales
rPois   .          Reflect  +   P - +0 mask of the Dragon {Will+ Slay+3 SInv}
rElec   +          Harm     .   (cloak unavailable)
rCorr   .          Rampage  .   A - +2 pair of gloves "Zuschydix" {rF+++ rC- Str-2 Slay+3}
Will    +++..                   o - +0 pair of boots
Stlth   ..........              g - amulet "Doziv" {Reflect rElec Regen+ SH+5}
HPRegen 1.39/turn               U - ring "Caoxigax" {Contam +Blink Will+ SInv}
MPRegen 0.46/turn               H - ring "Nuadieq" {*Corrode rElec Str+10 Int+3 Dex+6}

@: about to teleport, spiked, studying 2 skills
A: yellow scales 2, foul stench 3, magic shield, magic regeneration, magic link,
weakness stinger 3
}: 2/15 runes: barnacled, gossamer
a: Renounce Religion, Evoke Blink, Minor Destruction, Lesser Servant of Makhleb,
Major Destruction, Greater Servant of Makhleb


You were in the Desolation of Salt.
You worshipped Makhleb.
Makhleb was exalted by your worship.
You visited 8 branches of the dungeon, and saw 36 of its levels.
You also visited: Sewer, Gauntlet, Volcano and Desolation.

You collected 5510 gold pieces.
You spent 991 gold pieces at shops.

Inventory:

Hand Weapons
 j - a +7 vampiric double sword (weapon)
 X - a +1 demon blade of draining
Missiles
 c - 1143 stones (quivered)
 C - 6 throwing nets
 V - 2 curare-tipped darts
Armour
 o - a +0 pair of boots (worn)
 s - +5 ice dragon scales (worn)
 A - the +2 pair of gloves "Zuschydix" (worn) {rF+++ rC- Str-2 Slay+3}
   (You bought it in a shop on level 2 of the Orcish Mines)

   Str:       It affects your strength (-2).
   Slay:      It affects your accuracy & damage with ranged weapons and melee
   (+3).
   rF:        It renders you almost immune to fire.
   rC:        It makes you vulnerable to cold.
 D - a +0 tower shield
 I - a +0 kite shield (worn)
 P - the +0 mask of the Dragon (worn) {Will+ Slay+3 SInv}
   (You found it on level 3 of the Elven Halls)

   Slay:      It affects your accuracy & damage with ranged weapons and melee
   (+3).
   SInv:      It lets you see invisible.
   Will:      It increases your willpower.
 T - the +2 pair of boots "Seuv" {Rampage rC- rCorr}
   (You bought it in a shop on level 2 of the Orcish Mines)

   rC:        It makes you vulnerable to cold.
   rCorr:     It protects you from acid and corrosion.
   Rampage:   It bestows one free step when moving towards enemies.
Jewellery
 f - an amulet of reflection
 g - the amulet "Doziv" (around neck) {Reflect rElec Regen+ SH+5}
   (You acquired it on level 10 of the Dungeon)

   [amulet of reflection]

   It reflects blocked missile attacks.
   rElec:     It insulates you from electricity.
   Regen:     It increases your rate of health regeneration.
   SH:        It affects your SH (+5).
 l - a ring of resist corrosion
 m - the ring "Xaenax" {rElec EV+4 Slay+3}
   (You found it on level 4 of the Spider Nest)

   [ring of evasion]

   EV:        It affects your evasion (+4).
   Slay:      It affects your accuracy & damage with ranged weapons and melee
   (+3).
   rElec:     It insulates you from electricity.
 F - a +4 ring of slaying
 H - the ring "Nuadieq" (right hand) {*Corrode rElec Str+10 Int+3 Dex+6}
   (You found it in the Desolation of Salt)

   [ring of dexterity]

   Str:       It affects your strength (+10).
   Int:       It affects your intelligence (+3).
   Dex:       It affects your dexterity (+6).
   rElec:     It insulates you from electricity.
   *Corrode:  It may corrode you when you take damage.
 S - a ring of poison resistance
 U - the ring "Caoxigax" (left hand) {Contam +Blink Will+ SInv}
   (You found it in a Gauntlet)

   [ring of see invisible]

   SInv:      It lets you see invisible.
   +Blink:    It lets you blink.
   Contam:    It causes magical contamination when unequipped.
   Will:      It increases your willpower.
 Y - a ring of protection from fire
Wands
 u - a wand of iceblast (19)
 z - a wand of charming (20)
 B - a wand of digging (16)
 J - a wand of acid (14)
 L - a wand of polymorph (21)
 N - a wand of flame (27)
 Z - a wand of paralysis (38)
Scrolls
 a - 21 scrolls of identify
 n - 2 scrolls of amnesia
 q - 5 scrolls of magic mapping
 w - 13 scrolls of teleportation
 y - 7 scrolls of fear
 M - 3 scrolls of fog
Potions
 b - a potion of mutation
 d - 5 potions of haste
 h - 7 potions of might
 i - 6 potions of cancellation
 r - 2 potions of ambrosia
 t - 11 potions of curing
 x - 4 potions of flight
 E - 2 potions of lignification
 G - a potion of magic
 K - 5 potions of resistance
 O - 3 potions of invisibility
 R - a potion of brilliance
Miscellaneous
 e - a box of beasts
 k - a tin of tremorstones (inert)
 p - a phantom mirror
 Q - a condenser vane
 W - a lightning rod (4/4)


   Skills:
 - Level 20.0 Fighting
 - Level 16.0 Long Blades
 - Level 15.0 Armour
 - Level 15.0 Shields
 - Level 1.0 Spellcasting
 - Level 2.6 Fire Magic
 - Level 16.0 Invocations
 + Level 13.9 Evocations


You had 11 spell levels left.
You knew the following spells:

 Your Spells              Type           Power      Damage    Failure   Level
a - Passwall              Tmut/Erth      0%         N/A       43%         2
b - Animate Dead          Necr           0%         N/A       97%         4
c - Apportation           Tloc           2%         N/A       30%         1
d - Tukima's Dance        Hex            1%         N/A       67%         3

Your spell library contained the following spells:

 Spells                   Type           Power      Damage    Failure   Level
 Scorch                   Fire           24%        2d6       16%         2
 Foxfire                  Conj/Fire      24%        2x1d5     19%         1
 Beastly Appendage        Tmut           2%         N/A       30%         1
 Magic Dart               Conj           4%         1d3       30%         1
 Sandblast                Erth           2%         2d4       30%         1
 Sting                    Tmut/Pois      4%         1d3       30%         1
 Summon Small Mammal      Summ           4%         N/A       30%         1
 Blink                    Tloc           N/A        N/A       43%         2
 Searing Ray              Conj           2%         2d4       43%         2
 Static Discharge         Conj/Air       1%         N/A       43%         2
 Conjure Flame            Conj/Fire      6%         6-21      47%         3
 Inner Flame              Hex/Fire       6%         N/A       47%         3
 Ignite Poison            Fire/Tmut/Pois 4%         N/A       54%         3
 Call Canine Familiar     Summ           1%         N/A       67%         3
 Confusing Touch          Hex            1%         N/A       67%         3
 Dazzling Flash           Conj/Hex       2%         N/A       67%         3
 Lesser Beckoning         Tloc           1%         N/A       67%         3
 Mephitic Cloud           Conj/Pois/Air  1%         N/A       67%         3
 Portal Projectile        Hex/Tloc       2%         N/A       67%         3
 Stone Arrow              Conj/Erth      2%         3d7       67%         3
 Summon Guardian Golem    Hex/Summ       1%         N/A       67%         3
 Teleport Other           Tloc           1%         N/A       67%         3
 Flame Wave               Conj/Fire      6%         3d4       87%         4
 Sticky Flame             Conj/Fire      6%         2d3       87%         4
 Cause Fear               Hex            0%         N/A       97%         4
 Fulminant Prism          Conj/Hex       0%         3d6       97%         4
 Ice Form                 Ice/Tmut       1%         N/A       97%         4
 Iskenderun's Mystic Bla  Conj/Tloc      1%         2d3       97%         4
 Leda's Liquefaction      Hex/Erth       0%         N/A       97%         4
 Passage of Golubria      Tloc           N/A        N/A       97%         4
 Petrify                  Tmut/Erth      1%         N/A       97%         4
 Summon Ice Beast         Ice/Summ       1%         N/A       97%         4
 Agony                    Necr           1%         N/A       100%        5
 Alistair's Intoxication  Tmut/Pois      0%         N/A       100%        5
 Borgnjor's Vile Clutch   Necr/Erth      0%         N/A       100%        5
 Freezing Cloud           Conj/Ice/Air   0%         6-21      100%        5
 Irradiate                Conj/Tmut      0%         3d14      100%        5
 Lightning Bolt           Conj/Air       0%         1d11      100%        5
 Manifold Assault         Tloc           1%         N/A       100%        5
 Metabolic Englaciation   Hex/Ice        0%         N/A       100%        5
 Silence                  Hex/Air        0%         N/A       100%        5
 Summon Mana Viper        Hex/Summ       1%         N/A       100%        5
 Yara's Violent Unravell  Hex/Tmut       0%         3d3       100%        5
 Death Channel            Necr           0%         N/A       100%        6
 Dispersal                Tloc           0%         N/A       100%        6
 Invisibility             Hex            0%         N/A       100%        6
 Simulacrum               Ice/Necr       0%         N/A       100%        6
 Statue Form              Tmut/Erth      0%         N/A       100%        6
 Monstrous Menagerie      Summ           0%         N/A       100%        7
 Ozocubu's Refrigeration  Ice            0%         4d5       100%        7
 Borgnjor's Revivificati  Necr           0%         N/A       100%        8
 Disjunction              Tloc           0%         N/A       100%        8
 Lehudib's Crystal Spear  Conj/Erth      0%         10d2      100%        8
 Maxwell's Capacitive Co  Air            0%         ∞         100%        8
 Necromutation            Tmut/Necr      0%         N/A       100%        8
 Death's Door             Necr           0%         N/A       100%        9


Dungeon Overview and Level Annotations

Branches:
Dungeon (15/15)            Temple (0/1) D:7            Lair (6/6) D:9
 Shoals (4/4) Lair:4       Spider (4/4) Lair:4        Slime (0/5) Lair:5
    Orc (2/2) D:11            Elf (3/3) Orc:2        Vaults (1/5) D:14
 Depths (1/4) D:15          Sewer (visited)         Volcano (visited)
Desolation (1/1)          Gauntlet (visited)

Altars:
Cheibriados
Dithmenos
Gozag
Hepliaklqana
Okawaru
Trog
Vehumet
Wu Jian
Xom
Zin
Beogh

Shops:
D:4 *   D:10 *   D:13 *   D:15 (   Orc:2 [([=   Elf:3 (([=

Portals:
Bazaar: Shoals:1

Annotations:
Lair:5 Gaergho's ghost, journeyman DrAK
Shoals:3 Mlioglotl
Elf:2 3 runed translucent doors


Innate Abilities, Weirdness & Mutations

You are mostly covered in yellow scales. (AC +3)
You frequently emit foul miasma when damaged in melee.
When hurt, damage is shared between your health and your magic reserves.
You regenerate magic rapidly.
When low on magic, you restore magic in place of health.
You have a sharp stinger which inflicts weakening toxins.


Message History

The saltling is moderately damaged.
The molten gargoyle hits your balrug with a +0 mace!!
Your balrug dies!
Your balrug disappears in a puff of smoke!
The peacekeeper bites you but does no damage.
You block the peacekeeper's attack.
Your green death hits the crystal guardian!!
The servant of whispers hits you from afar with a +0 spear.
* * * LOW HITPOINT WARNING * * *
The saltling closely misses you.
The crystal guardian hits your green death!
Your green death dies!
Your green death disappears in a puff of smoke!
You block the saltling's attack.
You take 4 damage, and have 21/176 hp.
As you read the scroll of teleportation, it crumbles to dust.
You feel strangely unstable.
The saltling no longer looks unusually strong.
The saltling hits you but does no damage.
The peacekeeper bites you!
* * * LOW HITPOINT WARNING * * *
You emit a cloud of foul miasma!
You block the peacekeeper's attack.
The servant of whispers barely misses you.
The saltling hits you but does no damage.
The saltling barely misses you.
The servant of whispers invokes the aid of its god against you.
The bolt of lightning hits the peacekeeper!
The peacekeeper resists.
The bolt of lightning hits you! You resist.
* * * LOW HITPOINT WARNING * * *
The crystal guardian fires a crystalline bolt at you.
The crystal bolt freezes you! You resist.
* * * LOW HITPOINT WARNING * * *
You take 20 damage, and have 1/176 hp.
You now have 0/32 mp.
You feel better.
The saltling no longer looks unusually strong.
The molten gargoyle no longer looks unusually strong.
The peacekeeper roars a battlecry!
The golems go into a battle-frenzy!
You block the saltling's attack. x2; The saltling hits you!
You die...

.#.....##|...##..#..............
....#####......#.##..............
........#......#..#..............
..##....#......#..#.....#.#..#.##
.........##...#...#....##.a....##
...........###...................
...........)....9.a.......⌠..⌠...
...............999a..............
................@9#9.............
................99.....#..9..⌠..#
##........###....§...............
.##......#...#.........#.........
..#.).....[..)..........#.#..#.##
...#....#........................
.....#..#........#...............
.)##.....#)..}......8............
.##...............#..............


You could see 2 servants of whispers, a crystal guardian (strong), a
peacekeeper, a molten gargoyle (strong) and 5 saltlings.

Vanquished Creatures
  Bai Suzhen (Elf:3)
  Saint Roka (Orc:2)
  Nikola (Shoals:4)
  Jorgrun (Shoals:3)
  A deep elf blademaster (Elf:3)
  4 deep elf master archers (Elf:3)
  A titan (Shoals:4)
  Polyphemus (Shoals:1)
  Kirke (D:13)
  Gastronok (Lair:1)
  Roxanne (Shoals:3)
  A frost giant (D:13)
  5 deep elf sorcerers
  5 emperor scorpions
  Louise (Spider:2)
  A vault warden (Vaults:1)
  2 imperial myrmidons (Desolation)
  5 ghost moths
  2 deep elf elementalists (Elf:3)
  3 ironbound preservers (Vaults:1)
  3 very ugly things (Vaults:1)
  Azrael (D:15)
  6 deep elf demonologists (Elf:3)
  An entropy weaver (Spider:3)
  6 deep elf annihilators (Elf:3)
  A minotaur (Gauntlet)
  The ghost of Viul the Destroyer, a journeyman DgCj (Lair:6)
  5 merfolk javelineers (Shoals:4)
  A crystal guardian (Desolation)
  A green death (Gauntlet)
  11 merfolk impalers
  4 deep elf death magi (Elf:3)
  An ettin (D:15)
  7 deep elf high priests (Elf:3)
  A yaktaur captain (Vaults:1)
  Josephine (D:13)
  6 ragged hierophants (Desolation)
  5 servants of whispers (Desolation)
  8 boulder beetles
  An ice dragon (Lair:6)
  7 peacekeepers
  4 vault guards (D:14)
  3 hydras
  An ironbound frostheart (Vaults:1)
  3 ogre magi (D:15)
  2 death knights (D:15)
  6 merfolk aquamancers
  6 catoblepae
  3 merfolk avatars
  8 death yaks
  6 centaur warriors
  12 two-headed ogres
  Urug (D:9)
  3 tengu warriors
  11 dancing weapons
  A deep troll earth mage (D:13)
  A hell hog (Volcano)
  3 satyrs
  2 thrashing horrors (Gauntlet)
  2 orc high priests (Orc:2)
  Sonja (Orc:2)
  10 deep elf knights
  A fire crab (Volcano)
  8 skeletal warriors
  6 deep trolls
  11 sea snakes
  A glowing orange brain (shapeshifter) (Elf:1)
  2 lindwurms
  10 deep elf archers
  A lindwurm (shapeshifter) (Elf:1)
  11 ironbound convokers
  A phantasmal warrior (D:15)
  3 wizards
  5 orc knights
  17 harpies
  Pikel (D:6)
  A necromancer (D:15)
  A harpy (shapeshifter) (D:15)
  An oklob plant (Lair:3)
  18 orb spiders
  26 wolf spiders
  17 deep elf zephyrmancers
  4 cyclopes
  5 ugly things
  6 orc sorcerers
  20 deep elf pyromancers
  14 fauns
  A moth of wrath (Spider:4)
  17 elephants
  10 manticores
  Joseph (D:10)
  14 merfolk sirens
  A guardian serpent (Desolation)
  10 water nymphs
  2 molten gargoyles
  A vault sentinel (Vaults:1)
  5 torpor snails
  2 gargoyles (D:13)
  9 cane toads
  An orange demon (Gauntlet)
  7 black mambas
  A yaktaur (shapeshifter) (D:13)
  5 yaktaurs
  4 rime drakes
  22 demonic crawlers
  2 rime drakes (shapeshifter)
  2 efreet
  A tengu conjurer (Elf:1)
  13 komodo dragons
  2 freezing wraiths
  3 meliai (Spider:2)
  23 merfolk
  24 jumping spiders
  3 polar bears
  10 trolls
  Prince Ribbit (D:9)
  Grinder (D:3)
  10 wind drakes
  17 hornets
  36 saltlings
  11 snapping turtles
  10 blink frogs
  6 dream sheep (Shoals:4)
  3 slime creatures (D:12)
  A centaur simulacrum (D:15)
  23 tarantellas
  5 air elementals
  2 tarantellas (shapeshifter)
  53 redbacks
  50 yaks
  4 shadows
  23 fire elementals
  2 vampires
  11 wraiths
  5 wyverns
  A redback (shapeshifter) (D:13)
  25 water elementals
  A hog (D:13)
  Eustachio (D:5)
  A human (D:14)
  15 fire bats (Volcano)
  Grum (D:10)
  8 basilisks
  A death yak simulacrum (Lair:6)
  A steam dragon (Volcano)
  13 vampire mosquitoes
  Menkaure (D:6)
  6 wargs
  An acid dragon (D:12)
  5 hell hounds
  3 hydra simulacra (Lair:6)
  13 water moccasins
  3 black bears
  2 ice beasts (D:5)
  43 orc warriors
  2 sky beasts
  A black bear (shapeshifter) (D:14)
  A black mamba simulacrum (Lair:6)
  8 ogres
  8 boggarts
  20 centaurs
  29 wolves
  A lemure (D:6)
  3 small abominations (Gauntlet)
  A phantom (D:5)
  A kobold brigand (D:9)
  6 bullfrogs
  4 earth elementals
  A scorpion (D:7)
  3 killer bees (D:10)
  2 dream sheep simulacra (Lair:6)
  8 wights (D:8)
  5 howler monkeys
  A torpor snail simulacrum (Lair:6)
  6 lava snakes (Volcano)
  A komodo dragon simulacrum (Lair:6)
  Crazy Yiuf (D:6)
  2 centaur zombies (D:10)
  3 jellies
  4 hounds
  A gnoll shaman (D:9)
  18 orc priests
  2 bullfrog skeletons
  2 centaur skeletons
  4 iguanas
  25 orc wizards
  A scorpion zombie (D:5)
  Ijyb (D:5)
  6 adders
  13 gnolls
  4 river rats (Sewer)
  A shadow imp (D:6)
  2 white imps
  An adder zombie (D:5)
  An adder skeleton (D:4)
  5 worms
  A dart slug (D:1)
  102 orcs
  9 ball pythons
  11 endoplasms
  2 giant cockroaches (D:1)
  7 goblins
  6 hobgoblins
  4 jackals (D:5)
  13 kobolds
  2 quokkas (D:3)
  4 bats
  13 frilled lizards
  11 rats
  A spectral goblin (D:6)
1407 creatures vanquished.

Vanquished Creatures (collateral kills)
  Mara (Shoals:4)
  Rupert (D:13)
  A saltling (Desolation)
  A snapping turtle (Shoals:4)
4 creatures vanquished.

Vanquished Creatures (others)
  Mara (Shoals:4)
  A merfolk aquamancer (Shoals:4)
  A skeletal warrior (D:15)
  A deep elf pyromancer (Elf:1)
  2 deep elf zephyrmancers
  An unseen horror (D:13)
  A wind drake (Shoals:4)
  A jumping spider (Spider:4)
  A saltling (Desolation)
  A snapping turtle (Shoals:4)
  A redback (Spider:4)
  A water elemental (Shoals:4)
  2 humans (D:13)
  A boggart (D:15)
  177 foxfires
  31 fungi
  75 plants
299 creatures vanquished.

Grand Total: 1710 creatures vanquished

Notes
Turn   | Place    | Note
-------+----------+-------------------------------------------
     0 | D:1      | jasper the Demonspawn Cinder Acolyte began the quest for
                  | the Orb.
     0 | D:1      | Reached XP level 1. HP: 18/18 MP: 2/2
    14 | D:1      | Found a faded altar of an unknown god.
   208 | D:1      | Gained mutation: You are partially covered in yellow
                  | scales. (AC +2) [demonic ancestry]
   208 | D:1      | Reached XP level 2. HP: 22/24 MP: 3/3
   508 | D:1      | You fall into a shaft and drop 1 floor!
  1081 | D:1      | Gained mutation: You regenerate magic rapidly. [demonic
                  | ancestry]
  1081 | D:1      | Reached XP level 3. HP: 29/29 MP: 4/4
  1787 | D:2      | Gained mutation: You have a small tail. [demonic ancestry]
  1787 | D:2      | Reached XP level 4. HP: 29/35 MP: 5/5
  2379 | D:3      | Reached skill level 5 in Long Blades
  2731 | D:3      | Found a glowing drain.
  2761 | Sewer    | Entered a sewer
  2783 | Sewer    | Gained mutation: You may rarely emit foul miasma when
                  | damaged in melee. [demonic ancestry]
  2783 | Sewer    | Reached XP level 5. HP: 13/41 MP: 6/6
  3610 | D:3      | Noticed a moth of wrath
  3614 | D:3      | Found a bloodstained altar of Trog.
  4133 | D:3      | Noticed Grinder
  4133 | D:3      | Paralysed by Grinder for 2 turns
  4139 | D:3      | Killed Grinder
  4140 | D:3      | Reached XP level 6. HP: 47/47 MP: 7/7
  4645 | D:4      | Gained mutation: When hurt, damage is shared between your
                  | health and your magic reserves. [demonic ancestry]
  4645 | D:4      | Reached XP level 7. HP: 49/52 MP: 8/8
  4803 | D:4      | Found Moami's Lightly-Used Armoury.
  5237 | D:5      | Entered Level 5 of the Dungeon
  5372 | D:5      | Noticed Eustachio
  5379 | D:5      | Killed Eustachio
  5380 | D:5      | Gained mutation: You sometimes emit foul miasma when
                  | damaged in melee. [demonic ancestry]
  5380 | D:5      | Reached XP level 8. HP: 58/58 MP: 9/9
  5694 | D:5      | Noticed Ijyb
  5703 | D:5      | Killed Ijyb
  6207 | D:5      | Found a snail-covered altar of Cheibriados.
  6293 | D:5      | Reached skill level 10 in Long Blades
  6359 | D:4      | Bought a -1 double sword for 130 gold pieces
  6455 | D:6      | Noticed Pikel
  6461 | D:6      | Killed Pikel
  6463 | D:6      | Noticed Menkaure
  6469 | D:6      | Killed Menkaure
  6602 | D:6      | Reached XP level 9. HP: 63/63 MP: 10/10
  6625 | D:6      | Found a runed translucent door.
  6626 | D:6      | Noticed Crazy Yiuf
  6972 | D:6      | Found a hazy altar of Hepliaklqana.
  7351 | D:6      | Killed Crazy Yiuf
  7421 | D:7      | Found a staircase to the Ecumenical Temple.
  7969 | D:7      | Found an opulent altar of Gozag.
  9332 | D:8      | Found a radiant altar of Vehumet.
  9809 | D:8      | Found an ornate altar of the Wu Jian Council.
  9913 | D:9      | Found an iron altar of Okawaru.
 10239 | D:9      | Noticed a two-headed ogre
 10242 | D:9      | Noticed a water nymph
 10242 | D:9      | a two-headed ogre changed into a water nymph
 10242 | D:9      | Noticed Prince Ribbit
 10247 | D:9      | Killed Prince Ribbit
 10248 | D:9      | Reached XP level 10. HP: 56/70 MP: 4/11
 10255 | D:9      | Killed a water nymph
 11466 | D:9      | Found a staircase to the Lair.
 12175 | D:9      | Found a shadowy altar of Dithmenos.
 12224 | D:10     | Entered Level 10 of the Dungeon
 12224 | D:10     | Noticed Psyche
 12251 | D:10     | Noticed Urug
 12252 | D:10     | Noticed Psyche
 12252 | D:10     | Psyche changed into Psyche the worm
 12259 | D:9      | Killed Psyche the worm
 12404 | Lair:1   | Entered Level 1 of the Lair of Beasts
 12889 | Lair:1   | Noticed a lindwurm
 12912 | Lair:1   | Killed a lindwurm
 12913 | Lair:1   | Reached skill level 15 in Long Blades
 13277 | Lair:1   | Noticed Gastronok
 13303 | Lair:1   | Killed Gastronok
 13506 | Lair:1   | Gained mutation: You are mostly covered in yellow scales.
                  | (AC +3) [demonic ancestry]
 13506 | Lair:1   | Reached XP level 11. HP: 71/75 MP: 10/12
 14133 | Lair:1   | Reached skill level 1 in Shields
 15564 | Lair:2   | Reached skill level 5 in Shields
 15590 | Lair:2   | HP: 5/112 [elephant (2)]
 17646 | Lair:3   | Reached XP level 12. HP: 57/81 MP: 8/13
 17792 | Lair:3   | Noticed a four-headed hydra
 17808 | Lair:3   | Killed a one-headed hydra
 17977 | Lair:3   | Noticed a five-headed hydra
 17997 | Lair:3   | Killed a one-headed hydra
 18481 | Lair:3   | Reached skill level 10 in Shields
 19416 | Lair:4   | Noticed a boulder beetle
 19430 | Lair:4   | Killed a boulder beetle
 20542 | Lair:4   | Found a hole to the Spider Nest.
 21130 | Lair:4   | Noticed a boulder beetle
 21132 | Lair:4   | Noticed a satyr
 21132 | Lair:4   | a boulder beetle changed into a satyr
 21137 | Lair:4   | Killed a satyr
 21332 | Lair:4   | Found a staircase to the Shoals.
 21363 | Lair:4   | Reached XP level 13. HP: 72/86 MP: 14/14
 21793 | Lair:5   | Found a gate leading to a gauntlet.
 21810 | Gauntlet | Entered a Gauntlet
 21810 | Gauntlet | Found a transporter.
 21847 | Gauntlet | Noticed an entropy weaver
 21850 | Gauntlet | Found a transporter.
 21869 | Gauntlet | Found a transporter.
 21870 | Gauntlet | Found a transporter.
 21876 | Gauntlet | Noticed a quicksilver ooze
 21888 | Gauntlet | Found a transporter.
 21901 | Gauntlet | Found a transporter.
 21905 | Gauntlet | Found a transporter.
 21908 | Gauntlet | Found a transporter.
 21919 | Gauntlet | Noticed a green death
 21931 | Gauntlet | Found a transporter.
 21939 | Gauntlet | Found a transporter.
 21939 | Gauntlet | Found a transporter.
 21943 | Gauntlet | Found a runed translucent door.
 21944 | Gauntlet | Found a runed translucent door.
 21947 | Gauntlet | Found a transporter.
 22325 | Gauntlet | Killed a green death
 22348 | Gauntlet | Identified the ring "Caoxigax" {Contam +Blink Will+ SInv}
 22351 | Gauntlet | Identified the ring of Opnoal {rF- MP+9 Str+9 Dex+3}
 22385 | Gauntlet | Identified the +9 shortbow of Foolhardiness {venom, +Blink
                  | rPois Int+2}
 22385 | Gauntlet | Noticed a minotaur
 22427 | Gauntlet | Killed a minotaur
 22887 | Lair:5   | Found a runed translucent gate.
 22887 | Lair:5   | Found a runed translucent gate.
 22887 | Lair:5   | Found a runed translucent gate.
 22889 | Lair:5   | Noticed Gaergho's ghost (journeyman DrAK)
 23120 | Lair:5   | Found a staircase to the Slime Pits.
 23689 | D:9      | Killed Urug
 23832 | D:10     | Identified a scroll of acquirement
 23833 | D:10     | Acquired the amulet "Doziv" {Reflect rElec Regen+ SH+5}
 23882 | D:10     | Reached skill level 15 in Shields
 23968 | D:10     | Noticed Grum
 23983 | D:10     | Reached skill level 1 in Evocations
 23994 | D:10     | Killed Grum
 24037 | D:10     | Reached skill level 1 in Armour
 24161 | D:10     | Reached skill level 4 in Fighting
 24259 | D:10     | Found Tiocsikk's General Store.
 24465 | D:10     | Noticed Joseph
 24494 | D:10     | Killed Joseph
 24916 | D:11     | You fall into a shaft and drop 2 floors!
 24917 | D:13     | Noticed Josephine
 24948 | D:13     | Killed Josephine
 24949 | D:13     | Reached skill level 5 in Fighting
 25005 | D:13     | Noticed Kirke
 25042 | D:13     | Killed Kirke
 25134 | D:13     | Reached skill level 6 in Fighting
 25134 | D:13     | Reached XP level 14. HP: 91/100 MP: 12/15
 25394 | D:13     | Noticed Rupert
 25400 | D:13     | Paralysed by Rupert for 5 turns
 25409 | D:13     | Found Boudoob's Pet Rocks.
 25424 | D:13     | Reached skill level 7 in Fighting
 25736 | D:12     | Reached skill level 8 in Fighting
 26123 | D:11     | Reached skill level 5 in Evocations
 26165 | D:11     | Found a staircase to the Orcish Mines.
 26348 | Orc:1    | Entered Level 1 of the Orcish Mines
 26465 | Orc:1    | Reached skill level 9 in Fighting
 26733 | Orc:2    | Entered Level 2 of the Orcish Mines
 26733 | Orc:2    | Noticed Sonja
 26740 | Orc:2    | Killed Sonja
 26753 | Orc:2    | Paralysed by an orc sorcerer for 7 turns
 26931 | Orc:1    | Reached skill level 5 in Armour
 27205 | Orc:1    | Reached skill level 10 in Fighting
 27655 | Orc:2    | Found a staircase to the Elven Halls.
 27911 | Orc:2    | Noticed Saint Roka
 28115 | Lair:6   | Entered Level 6 of the Lair of Beasts
 28171 | Lair:6   | Reached skill level 11 in Fighting
 28280 | Lair:6   | Found a runed translucent gate.
 28280 | Lair:6   | Found a runed translucent gate.
 28280 | Lair:6   | Found a runed translucent gate.
 28333 | Lair:6   | Noticed Viul's ghost (journeyman DgCj)
 28379 | Lair:6   | Found a dark tunnel.
 28399 | Volcano  | Entered a volcano
 28589 | Volcano  | Reached skill level 12 in Fighting
 28613 | Volcano  | Found a burning altar of Makhleb.
 28691 | Volcano  | Gained mutation: When low on magic, you restore magic in
                  | place of health. [demonic ancestry]
 28691 | Volcano  | Reached XP level 15. HP: 121/121 MP: 16/16
 28699 | Volcano  | Fell from the grace of Ignis
 28699 | Volcano  | Became a worshipper of Makhleb the Destroyer
 29160 | Lair:6   | Learned a level 2 spell: Passwall
 29165 | Lair:6   | Learned a level 4 spell: Animate Dead
 29499 | Lair:6   | Reached skill level 1 in Invocations
 29692 | Lair:6   | Reached XP level 16. HP: 129/129 MP: 17/17
 29762 | Lair:6   | Reached skill level 13 in Fighting
 30865 | D:13     | Reached * piety under Makhleb
 31074 | D:13     | Killed Rupert
 32012 | D:14     | Reached skill level 5 in Invocations
 32104 | D:14     | Found a gate to the Vaults.
 32115 | D:14     | Reached ** piety under Makhleb
 32388 | D:14     | You fall into a shaft and drop 1 floor!
 32388 | D:15     | Entered Level 15 of the Dungeon
 32388 | D:15     | Was forgiven by Ignis
 32423 | D:15     | Reached skill level 14 in Fighting
 32750 | D:15     | Noticed Azrael
 32780 | D:15     | Reached *** piety under Makhleb
 32815 | D:15     | Killed Azrael
 33107 | D:15     | Found Dotrin's Weapon Boutique.
 33116 | D:15     | Bought 2 throwing nets for 84 gold pieces
 33243 | D:15     | Found a staircase to the Depths.
 33637 | Depths:1 | Entered Level 1 of the Depths
 34251 | Orc:2    | Found Jyqenefesh's Jewellery Shop.
 34280 | Orc:2    | Reached **** piety under Makhleb
 34370 | Orc:2    | Gained mutation: You have a tail ending in a sharp stinger.
                  | [demonic ancestry]
 34370 | Orc:2    | Reached XP level 17. HP: 140/140 MP: 24/24
 34509 | Orc:2    | Found Pufaun's Antique Weapon Boutique.
 34516 | Orc:2    | Found Saxtois's Antique Armour Shop.
 34543 | Orc:2    | Bought a pair of crude gloves for 285 gold pieces
 34543 | Orc:2    | Identified the +2 pair of gloves "Zuschydix" {rF+++ rC-
                  | Str-2 Slay+3} (You bought it in a shop on level 2 of the
                  | Orcish Mines)
 34689 | Orc:2    | Killed Saint Roka
 34690 | Orc:2    | Reached skill level 10 in Invocations
 34950 | Orc:2    | Found Edeah's Antique Armour Boutique.
 34958 | Orc:2    | Bought a pair of translucent boots for 275 gold pieces
 34958 | Orc:2    | Identified the +2 pair of boots "Seuv" {Rampage rC- rCorr}
                  | (You bought it in a shop on level 2 of the Orcish Mines)
 34958 | Orc:2    | Bought a glowing cloak for 217 gold pieces
 35253 | Spider:1 | Entered Level 1 of the Spider Nest
 35495 | Spider:1 | Reached skill level 10 in Armour
 35543 | Spider:1 | Reached ***** piety under Makhleb
 35786 | Spider:1 | Identified the +8 great sword of a Gauntlet {pain, rF+
                  | Int+5}
 37111 | Spider:2 | Noticed Louise
 37131 | Spider:2 | Killed Louise
 37642 | Lair:6   | Killed Viul's ghost
 39053 | Spider:2 | Identified the +7 rapier of Sorusuih {holy, rF+ rC+}
 39456 | Spider:3 | Reached skill level 15 in Invocations
 40396 | Spider:3 | Acquired a +1 demon blade of flaming
 40612 | Spider:4 | Entered Level 4 of the Spider Nest
 40987 | Spider:4 | Reached ****** piety under Makhleb
 41284 | Spider:4 | Reached skill level 15 in Fighting
 41329 | Spider:4 | Identified the ring "Xaenax" {rElec EV+4 Slay+3}
 41504 | Spider:4 | Gained mutation: You frequently emit foul miasma when
                  | damaged in melee. [demonic ancestry]
 41504 | Spider:4 | Reached XP level 18. HP: 149/149 MP: 30/30
 41517 | Spider:4 | Reached skill level 10 in Evocations
 41723 | Spider:4 | Got a gossamer rune of Zot
 42015 | Shoals:1 | Entered Level 1 of the Shoals
 42210 | Shoals:1 | Found a shimmering altar of Xom.
 42659 | Shoals:1 | Found a gateway to a bazaar.
 42722 | Shoals:1 | Reached skill level 16 in Fighting
 43211 | Shoals:2 | Noticed Polyphemus
 43250 | Shoals:1 | Killed Polyphemus
 44084 | Shoals:2 | Learned a level 1 spell: Apportation
 44088 | Shoals:2 | Learned a level 3 spell: Tukima's Dance
 44588 | Shoals:3 | Identified Roxanne's Collected Works on Shape Shifting
 44588 | Shoals:3 | Noticed Roxanne
 44701 | Shoals:3 | Noticed Mlioglotl
 45155 | Shoals:3 | Killed Roxanne
 45226 | Shoals:3 | Noticed Jorgrun
 45247 | Shoals:3 | Killed Jorgrun
 45248 | Shoals:3 | Reached skill level 17 in Fighting
 45527 | Shoals:3 | Identified the +7 falchion "Mutzih" {venom, Will++}
 45613 | Shoals:4 | Entered Level 4 of the Shoals
 46281 | Shoals:4 | Paralysed by an air elemental for 1 turns
 46284 | Shoals:4 | Paralysed by an air elemental for 1 turns
 46291 | Shoals:4 | Noticed Nikola
 46305 | Shoals:4 | Killed Nikola
 46306 | Shoals:4 | Gained mutation: You have a sharp stinger which inflicts
                  | weakening toxins. [demonic ancestry]
 46306 | Shoals:4 | Reached XP level 19. HP: 118/161 MP: 24/31
 46676 | Shoals:4 | HP: 6/162 [poisoned by you (poison gas)]
 46847 | Shoals:4 | Noticed Mara
 46872 | Shoals:4 | Paralysed by an air elemental for 1 turns
 46886 | Shoals:4 | Noticed jasper's illusion
 46888 | Shoals:4 | Killed Mara
 46923 | Shoals:4 | Your ally Mara died
 47012 | Shoals:4 | Got a barnacled rune of Zot
 47037 | Shoals:4 | Reached skill level 18 in Fighting
 47497 | Elf:1    | Entered Level 1 of the Elven Halls
 47753 | Elf:1    | Identified the +0 leather armour "Laeh" {Str+5}
 47894 | Elf:1    | Paralysed by an air elemental for 1 turns
 47900 | Elf:1    | Paralysed by an air elemental for 1 turns
 48896 | Elf:2    | Reached skill level 19 in Fighting
 49116 | Elf:2    | Found a runed translucent gate.
 49116 | Elf:2    | Found a runed translucent gate.
 49116 | Elf:2    | Found a runed translucent gate.
 49415 | Elf:3    | Entered Level 3 of the Elven Halls
 49539 | Elf:3    | Noticed Bai Suzhen
 49553 | Elf:3    | Killed Bai Suzhen
 49696 | Elf:3    | Found Jigratum's Weapon Shop.
 49697 | Elf:3    | Found Xyehesad's Armour Boutique.
 49697 | Elf:3    | Found Guitekau's Antique Weapon Shop.
 49702 | Elf:3    | Found Ikuxzo's Jewellery Boutique.
 50414 | Elf:3    | Reached skill level 20 in Fighting
 50665 | Elf:3    | Reached XP level 20. HP: 63/176 MP: 13/32
 50952 | Elf:3    | Identified the +4 plate armour of Negligence {rN+++ Regen+
                  | Str-2 Dex-5}
 51010 | Elf:3    | Identified the +5 ring mail of Grot {rC++}
 51137 | Elf:3    | Found the +0 mask of the Dragon {Will+ Slay+3 SInv}
 51240 | Elf:3    | Got the Incunabulum of Clay and the Oath
 51498 | Vaults:1 | Entered Level 1 of the Vaults
 51729 | Vaults:1 | Found a crumbling gateway.
 51748 | Vaults:1 | Acquired 1257 gold pieces
 51754 | Desolati | Entered the Desolation of Salt
 51933 | Desolati | Reached skill level 15 in Armour
 52613 | Desolati | Identified the ring "Nuadieq" {*Corrode rElec Str+10 Int+3
                  | Dex+6}
 52620 | Desolati | Got the Grimoire of Heresy
 52643 | Desolati | Identified the ring "Cilloima" {Wiz rElec Str-2 Int+4
                  | Dex+6}
 52688 | Desolati | Identified the amulet "Caant" {RegenMP +Blink}
 52689 | Desolati | Identified the +1 ring mail of the Blacksmith {SInv}
 52856 | Desolati | Identified the amulet "Ziofeurgh" {Acrobat rPois Str+2}
 52920 | Desolati | HP: 1/176 [crystal guardian/crystal bolt (9)]
 52921 | Desolati | Slain by a saltling

Illustrated notes

Levels and vault maps discovered:
D:1:      minmay_arrival_nine_rooms, layout_loops_ring,
          shapermc_ecumenical_altar_gd
D:2:      layout_basic
D:3:      minmay_angry_zag, layout_basic, lemuel_crystal_altar,
          nicolae_overflow_hidden_temple, tgw_trog, cheibrodos_sewer_entry_bend,
          uniq_grinder
D:4:      layout_rooms, minivault_14, minmay_shop_damaged, grunt_ministairs_9
D:5:      layout_basic, kennysheep_mini, kennysheep_small_circle,
          uniq_eustachio, uniq_ijyb
D:6:      layout_rooms, nicolae_hepliaklqana_monster_ancestors, uniq_pikel,
          uniq_crazy_yiuf_cottage, uniq_menkaure
D:7:      layout_loops_corners, nicolae_gozag_seed_capital,
          minmay_temple_entry_nine_rooms
D:8:      layout_loops_ring, nicolae_vehumet_altar_sigil,
          pdpol_wu_jian_five_deadly_venoms
D:9:      layout_roguey, erik_lair_orcish_takeover, hangedman_feature_mirror,
          uniq_prince_ribbit1
D:10:     layout_gridville, serial_shops, nicolae_lakefront_shop, uniq_joseph,
          uniq_psyche, uniq_urug, uniq_grum
D:11:     layout_irregular_city, orc_0_dummy
D:12:     layout_gridville, minmay_strange_pillars
D:13:     nzn_winding_woodlands_stair_trap [nzn_winding_woodlands_5x15_cabin,
          nzn_winding_woodlands_5x15_garden, nzn_winding_woodlands_5x15_crooked,
          nzn_winding_woodlands_15x15_boxy_spiral,
          nzn_winding_woodlands_5x15_twine,
          nzn_winding_woodlands_5x15_longhouse,
          nzn_winding_woodlands_5x15_default], layout_cave_pools,
          serial_column_ruins, column_ruins_hut, column_ruins_square_huge,
          column_ruins_open_large, column_ruins_corridor_dead_end,
          column_ruins_open_small_water, column_ruins_columns_straight,
          column_ruins_grid_1, column_ruins_open_small, column_ruins_open_large,
          guppyfry_shop_earth, uniq_kirke, uniq_josephine, uniq_rupert
D:14:     layout_small_grid, grunt_vaults_entry_fortified,
          minmay_misc_feat_doors, chequers_serial_rivers_micro_b
D:15:     hangedman_depths_entry_civil_slaughter, layout_basic,
          bh_walls_and_bars, serial_shops, nicolae_shop_statue_plus, uniq_azrael
Lair:1:   layout_cave_pods, uniq_gastronok
Lair:2:   layout_loops_ring, chequers_serial_rivers_micro_e
Lair:3:   layout_chaotic_city
Lair:4:   layout_gridlike, elwin_shoals_entry_stream,
          nicolae_spider_entry_orb_guardian, nzn_sisyphean_effort,
          grunt_megastairs_4, lemuel_fruit_fields
Lair:5:   layout_big_grid, nicolae_slime_entry_slimehenge,
          gammafunk_ghost_hydra_chop, gauntlet_entry_generic,
          grunt_forest_large_clearings
Lair:6:   evilmike_catoblepas_cave, layout_regular_city,
          nicolae_volcano_entry_vermiform, gammafunk_ghost_icy,
          serial_bayou_shore_b
Shoals:1: layout_shoals, serial_shops, statue_bzr, lemuel_centaur_altar
Shoals:2: layout_shoals, uniq_polyphemus
Shoals:3: layout_shoals, uniq_mlioglotl, uniq_roxanne, uniq_jorgrun
Shoals:4: shoals_end_hellmonk_storm_palace [storm_palace_center_square,
          storm_palace_corner_grid, storm_palace_corner_pillars,
          storm_palace_corner_narrow, storm_palace_corner_grid], uniq_mara,
          uniq_nikola
Spider:1: layout_chambers, nicolae_crawler_farm,
          hangedman_spider_tarantella_strand
Spider:2: nicolae_spider_hilbert_zone_4 [nicolae_spider_hilbert_4_sides_2_open,
          nicolae_spider_hilbert_4_sides_1_open,
          nicolae_spider_hilbert_4_sides_1_open,
          nicolae_spider_hilbert_4_sides_1_open,
          nicolae_spider_hilbert_4_sides_1_open,
          nicolae_spider_hilbert_2_sides_1_open,
          nicolae_spider_hilbert_2_sides_1_open,
          nicolae_spider_hilbert_2_sides_1_open,
          nicolae_spider_hilbert_2_sides_1_open,
          nicolae_spider_hilbert_6_sides_1_open,
          nicolae_spider_hilbert_6_sides_1_open,
          nicolae_spider_hilbert_3_sides_1_open,
          nicolae_spider_hilbert_3_sides_1_open], drop_trap,
          hangedman_spider_trapstep, uniq_louise
Spider:3: layout_chambers
Spider:4: guppyfry_spider_rune, lemuel_hornet_nest
Orc:1:    layout_caves
Orc:2:    grunt_orc_community_town_hall, layout_caves,
          grunt_orc_community_big_house_1, grunt_orc_community_big_house_1,
          grunt_orc_community_house_3, grunt_orc_community_house_2,
          grunt_orc_community_house_1, grunt_orc_community_house_3,
          grunt_orc_community_house_1, grunt_orc_community_house_1,
          hangedman_feature_mirror, lemuel_statue_altar, uniq_sonja
Elf:1:    elf_arrival_001, layout_onion_city, hangedman_elf_disciples,
          amcnicky_mini_corridor_feature
Elf:2:    nicolae_elf_blades_splatter_lattice [grunt_blade_entry_basic],
          layout_loops_cross
Elf:3:    minmay_elf_hall_not_hex, layout_onion_city, grunt_ministairs_2,
          minmay_shoptagon, uniq_bai_suzhen
Vaults:1: portal_desolation_entry_salt, v_misc_22,
          nicolae_vaults_network_quinsquares
          [nicolae_vaults_network_quincunx_subvault,
          nicolae_vaults_network_quincunx_subvault,
          nicolae_vaults_network_quincunx_subvault,
          nicolae_vaults_network_quincunx_subvault], v_misc_29, v_rooms_5,
          vaults_mumra_minichess, v_alt_pattern_6,
          ontoclasm_vaults_loading_screen,
          nicolae_vaults_windows_and_doors_thing, vaults_room_fancy_cross,
          layout_vaults_maze_bifur
Depths:1: evilmike_makhleb_hellhole, layout_gridlike, enter_ziggurat_c,
          pf_hell_entry_great_geh, nrook_kobold_shadow_demons, uniq_saint_roka
Desolation

Skill      XL: |  1  2  3  4  5  6  7  8  9 10 11 12 13 14 15 16 17 18 19 20 |
---------------+-------------------------------------------------------------+-----
Long Blades    | 3 4 5 6 7 9 11 13 15 16 | 16.0
Shields        | 8 12 15 | 15.0
Evocations     | 3 6 9 11 12 13 | 13.9
Armour         | 3 7 8 9 10 11 13 15 | 15.0
Fighting       | 6 12 14 15 17 20 | 20.0
Invocations    | 1 9 16 | 16.0
Spellcasting   | |  1.0
Fire Magic     | |  2.6

Action                   |  1- 3 |  4- 6 |  7- 9 | 10-12 | 13-15 | 16-18 | 19-21 || total
-------------------------+-------+-------+-------+-------+-------+-------+-------++-------
Melee: Falchion          |    81 |   144 |    95 |    21 |     9 |       |       ||   350
       Tailslap          |       |    14 |    32 |    92 |   131 |   322 |   136 ||   727
       Double sword      |       |       |   198 |   578 |  1250 |  2225 |   951 ||  5202
       Rapier            |       |       |    12 |       |       |       |       ||    12
       Unarmed           |       |       |     3 |       |       |       |       ||     3
Throw: Stone             |    78 |    12 |    38 |    86 |    52 |    24 |     2 ||   292
       Boomerang         |       |    57 |    54 |       |       |       |       ||   111
       Dart              |       |       |       |     7 |       |       |       ||     7
Invok: Foxfire Swarm     |     2 |     3 |     5 |     1 |       |       |       ||    11
       Greater Servant o |       |       |       |       |       |       |     2 ||     2
 Abil: Evoke Blink       |       |       |       |       |       |     1 |     1 ||     2
Evoke: Wand              |       |       |    20 |    44 |     8 |    26 |     2 ||   100
       Condenser vane    |       |       |       |     1 |     2 |    10 |     5 ||    18
       Lightning rod     |       |       |       |       |     8 |    19 |       ||    27
       Tin of tremorston |       |       |       |       |       |    10 |     8 ||    18
       Box of beasts     |       |       |       |       |       |     5 |     1 ||     6
       Phantom mirror    |       |       |       |       |       |     3 |     1 ||     4
  Use: Scroll            |     6 |     8 |     8 |     9 |     8 |    12 |     8 ||    59
       Potion            |       |       |     5 |     8 |     6 |     5 |     9 ||    33
 Stab: Paralysed         |       |       |       |     9 |       |     1 |       ||    10
       Confused          |       |       |       |       |       |     1 |       ||     1
Armor: Robe              |    22 |       |       |       |       |       |       ||    22
       Ring mail         |    10 |       |       |       |       |       |       ||    10
       Scale mail        |     2 |    67 |   127 |   234 |     5 |       |       ||   435
       Skin              |       |       |    37 |     1 |    23 |       |       ||    61
       Plate armour      |       |       |       |       |   494 |   882 |       ||  1376
       Ice dragon scales |       |       |       |       |       |   315 |   317 ||   632
Dodge: Dodged            |    54 |    75 |   107 |   161 |   174 |   624 |   253 ||  1448
Block: Kite shield       |       |       |       |   184 |   993 |  2092 |   638 ||  3907
       Reflection        |       |       |       |       |    34 |   138 |    61 ||   233

Table legend: (Time is in decaauts)
 A = Elapsed time spent in this place.
 B = Non-inter-level travel time spent in this place.
 C = Inter-level travel time spent in this place.
 D = Time resting spent in this place.
 E = Time spent auto-exploring this place.
 F = Levels seen in this place.
 G = Mean time per level.
                   A        B        C        D        E       F      G
               +--------+--------+--------+--------+--------+-----+--------+
         Total |  51893 |  48887 |   3006 |  11496 |  25937 |  40 | 1297.3 |
       Dungeon |  18406 |  17484 |    922 |   3136 |  10802 |  15 | 1227.1 |
          Lair |  13223 |  12247 |    976 |   3522 |   6611 |   6 | 2203.8 |
        Shoals |   5253 |   4852 |    401 |   1572 |   1819 |   4 | 1313.2 |
   Spider Nest |   5479 |   5224 |    255 |   1003 |   3012 |   4 | 1369.8 |
  Orcish Mines |   2712 |   2418 |    294 |    551 |   1092 |   2 | 1356.0 |
   Elven Halls |   3712 |   3589 |    123 |    541 |   1972 |   3 | 1237.3 |
        Vaults |    223 |    190 |     33 |      0 |     43 |   1 |  223.0 |
        Depths |     12 |     12 |      0 |      2 |      0 |   1 |   12.0 |
         Sewer |    742 |    742 |      0 |    202 |    355 |   1 |  742.0 |
       Volcano |    426 |    426 |      0 |     95 |     60 |   1 |  426.0 |
    Desolation |   1096 |   1096 |      0 |    637 |      3 |   1 | 1096.0 |
      Gauntlet |    603 |    603 |      0 |    234 |    164 |   1 |  603.0 |
               +--------+--------+--------+--------+--------+-----+--------+

Top non-repeatable levels by time:
  Lair:4: 2871 daAuts
  Lair:3: 2732 daAuts
     D:9: 2329 daAuts
  Lair:6: 2323 daAuts
  Lair:1: 2265 daAuts
     D:8: 2193 daAuts
   Elf:3: 1823 daAuts
  Lair:2: 1799 daAuts
     D:3: 1734 daAuts
   Orc:2: 1724 daAuts
    D:13: 1704 daAuts
Spider:2: 1631 daAuts
Shoals:4: 1576 daAuts
Shoals:1: 1556 daAuts
Spider:3: 1413 daAuts
